 Dungeon Crawl Stone Soup version 0.31.0-9-g3a7656b989 (webtiles) character file.

Game seed: 12066138715819609521

2692 qw the Nimble (level 9, -2/45 HPs)
             Began as a Spriggan Hunter on Feb 2, 2024.
             Was an Initiate of Okawaru.
             Slain by a boulder beetle (21 damage)
             ... on level 7 of the Dungeon.
             The game lasted 00:00:49 (7453 turns).

qw the Nimble (Spriggan Hunter)                     Turns: 7453, Time: 00:00:50

Health: -2/45      AC:  2    Str:  7    XL:     9   Next: 38%
Magic:  10/10      EV: 27    Int: 10    God:    Okawaru [......]
Gold:   136        SH:  0    Dex: 23    Spells: 8/8 levels left

rFire   . . .        a - +1 shortbow
rCold   . . .        (shield currently unavailable)
rNeg    . . .        c - +0 robe
rPois   .            (helmet restricted)
rElec   .            j - scarf {repulsion}
rCorr   .            (gloves unavailable)
SInv    +            (boots unavailable)
Will    +....        q - amulet of faith
Stlth   ++           (no ring)
HPRegen 0.27/turn    (no ring)
MPRegen 0.12/turn

%: repel missiles, faith
@: hasted, very quick
A: very small, no large weapons, unfitting armour, see invisible, speed 3
a: Renounce Religion


You were on level 7 of the Dungeon.
You worshipped Okawaru.
Okawaru was noncommittal.
You visited 2 branches of the dungeon, and saw 8 of its levels.
You also visited: Ossuary.

You collected 367 gold pieces.
You spent 231 gold pieces at shops.


Innate Abilities, Weirdness & Mutations

You are very small and have problems with some larger weapons.
You are too small for most types of armour.
You have supernaturally acute eyesight. (SInv)
You cover ground extremely quickly. (Speed+++)


   Skills:
 - Level 4.0 Fighting
 - Level 10.0 Ranged Weapons
 + Level 10.7 Dodging
 - Level 1.5 Stealth


You had 8 spell levels left.
You didn't know any spells.
Your spell library was empty.

Inventory:

Hand Weapons
 a - a +1 shortbow (weapon)
Armour
 c - a +0 robe (worn)
 j - a scarf of repulsion (worn)
 s - a +0 cloak
Jewellery
 d - an amulet of the acrobat
 m - the amulet of Elemental Vulnerability {rPois rF-- rC-- AC+8}
   (You found it on level 4 of the Dungeon)

   [amulet of nothing]

   AC+8:      It affects your AC (+8).
   rF--:      It makes you very vulnerable to fire.
   rC--:      It makes you very vulnerable to cold.
   rPois:     It protects you from poison
 p - an amulet of guardian spirit
 q - an amulet of faith (around neck)
Wands
 b - a wand of charming (8)
 k - a wand of polymorph (15)
 o - a wand of roots (7)
Scrolls
 h - 3 scrolls of teleportation
Potions
 e - 4 potions of haste
 f - 2 potions of might
 g - a potion of resistance
 i - 3 potions of enlightenment
 l - 2 potions of heal wounds
 n - 2 potions of curing
 r - a potion of lignification {unknown}
 t - 2 potions of mutation

Dungeon Overview and Level Annotations

Branches:
Dungeon (7/15)             Temple (1/1) D:7         Ossuary (visited)

Altars:
Ashenzari
Cheibriados
Dithmenos
Elyvilon
Fedhas
Gozag
Hepliaklqana
Kikubaaqudgha
Makhleb
Okawaru
Qazlal
Ru
Sif Muna
Uskayaw
Wu Jian
Yredelemnul
Zin
The Shining One

Shops:
D:6 !

Annotations:
D:5 3 runed translucent doors, qw's ghost, amateur SpHu


Message History

The arrow hits the boulder beetle but does no damage.
The boulder beetle is moderately wounded.
You shoot an arrow.
The arrow hits the boulder beetle but does no damage.
The boulder beetle is moderately wounded.
The boulder beetle completely misses you.
You shoot an arrow.
The arrow barely misses the boulder beetle.
The boulder beetle bites you.
You shoot an arrow.
The arrow hits the boulder beetle but does no damage.
The boulder beetle is moderately wounded.
You shoot an arrow.
The arrow hits the boulder beetle but does no damage.
The boulder beetle is moderately wounded.
The boulder beetle bites you!!
Ouch! That really hurt!
You shoot an arrow. The arrow hits the boulder beetle.
The boulder beetle is moderately wounded.
You shoot an arrow. The arrow hits the boulder beetle.
The boulder beetle is heavily wounded.
The boulder beetle completely misses you.
You shoot an arrow.
The arrow hits the boulder beetle but does no damage.
The boulder beetle is heavily wounded.
The boulder beetle closely misses you.
You shoot an arrow. The arrow hits the boulder beetle.
The boulder beetle is heavily wounded.
You shoot an arrow.
The arrow hits the boulder beetle but does no damage.
The boulder beetle is heavily wounded.
The boulder beetle misses you.
You shoot an arrow.
The arrow hits the boulder beetle but does no damage.
The boulder beetle is heavily wounded.
You shoot an arrow.
The arrow hits the boulder beetle but does no damage.
The boulder beetle is heavily wounded.
The boulder beetle bites you!!
You die...

### #.## ## ##.## ##
.## ##.## .# #.#
#..###.# #.## ##.@#..#
##.## #.B...# #..#
##....# #..## #....#
##..## ##...#####
#...###########....0...
#....#.................
##..............###....
##.............## #...


You could see a boulder beetle.

Vanquished Creatures
  A steam dragon (D:7)
  A water moccasin (D:7)
  An ice beast (D:7)
  A sky beast (D:6)
  3 ogres
  A phantom (D:5)
  A kobold brigand (D:7)
  Blork the orc (D:6)
  A bullfrog (D:6)
  3 elf skeletons (D:5)
  13 scorpions
  2 bombardier beetles
  4 human zombies
  3 jellies
  A gnoll bouda (D:7)
  An orc priest (D:7)
  A hound (D:7)
  3 iguanas
  5 scorpion zombies (Ossuary)
  3 mummies (Ossuary)
  4 adders
  3 gnolls (D:7)
  6 ufetubi
  2 adder zombies (Ossuary)
  A dart slug (D:1)
  8 orcs
  3 bats
  7 endoplasms
  4 giant cockroaches
  7 goblins
  10 hobgoblins
  6 jackals (D:1)
  4 quokkas
  4 ball pythons
  3 ball python zombies (Ossuary)
  3 frilled lizards (D:1)
  3 gnoll zombies (Ossuary)
  2 jackal zombies (Ossuary)
  7 kobolds (D:7)
  7 orc zombies
  5 rats
149 creatures vanquished.

Notes
Turn   | Place    | Note
-------+----------+-------------------------------------------
     0 | D:1      | qw the Spriggan Hunter began the quest for the Orb.
     0 | D:1      | Reached XP level 1. HP: 10/10 MP: 2/2
     0 | D:1      | 0 ||| qw: Version: 0.3-a-155-g5e7d8dd
     0 | D:1      | 0 ||| qw: Game counter: 1984
     0 | D:1      | 0 ||| qw: Melee chars always use a shield: true
     0 | D:1      | 0 ||| qw: God list: Okawaru
     0 | D:1      | 0 ||| qw: Allow faded altars: false
     0 | D:1      | 0 ||| qw: Do Orc after clearing Dungeon:15 true
     0 | D:1      | 0 ||| qw: Do second Lair branch before Depths: true
     0 | D:1      | 0 ||| qw: Lair rune preference: random
     0 | D:1      | 0 ||| qw: Goals: Normal
     0 | D:1      | 0 ||| PLANNING D:1-11
    25 | D:1      | Reached skill level 3 in Dodging
    45 | D:1      | Reached XP level 2. HP: 14/14 MP: 3/3
   300 | D:1      | Reached XP level 3. HP: 18/18 MP: 4/4
   879 | D:1      | 879 ||| READING scroll labelled OKYQEMN BUUQYE.
   980 | D:1      | 980 ||| READING scroll labelled CINWEKK KASUWN.
   981 | D:1      | 981 ||| READING scroll labelled LOSEM XIUBOET.
   982 | D:1      | 982 ||| READING scroll labelled ZOIN ZIS OHO.
   982 | D:1      | 982 ||| IDENTIFYING grey potion
   983 | D:1      | 983 ||| DRINKING 2 sapphire potions.
   984 | D:1      | 984 ||| DROPPING scroll of butterflies.
   985 | D:1      | 985 ||| DROPPING potion of attraction.
  1359 | D:2      | 1359 ||| FLEEEEING.
  1360 | D:2      | 1360 ||| FLEEEEING.
  1362 | D:2      | 1362 ||| FLEEEEING.
  1363 | D:2      | 1363 ||| FLEEEEING.
  1365 | D:2      | 1365 ||| FLEEEEING.
  1368 | D:2      | 1368 ||| FLEEEEING.
  1369 | D:2      | 1369 ||| FLEEEEING.
  1370 | D:2      | 1370 ||| FLEEEEING.
  1371 | D:2      | 1371 ||| FLEEEEING.
  1373 | D:2      | 1373 ||| FLEEEEING.
  1374 | D:2      | 1374 ||| FLEEEEING.
  1375 | D:2      | 1375 ||| FLEEEEING.
  1377 | D:2      | 1377 ||| FLEEEEING.
  1378 | D:2      | 1378 ||| FLEEEEING.
  1813 | D:2      | 1813 ||| UPGRADING to amulet of the acrobat.
  1818 | D:2      | 1818 ||| READING scroll labelled WOT IPOBOKKASK.
  1852 | D:3      | Found a faded altar of an unknown god.
  2209 | D:3      | Found a burning altar of Makhleb.
  2564 | D:3      | 2564 ||| UPGRADING to scarf of repulsion.
  2569 | D:3      | 2569 ||| READING scroll of identify.
  2569 | D:3      | 2569 ||| IDENTIFYING fizzy black potion
  2570 | D:3      | 2570 ||| READING scroll labelled HAW MEXYMUGG.
  2575 | D:3      | 2575 ||| READING scroll labelled EMMEFIOXKU.
  2575 | D:3      | 2575 ||| ENCHANTING +0 shortbow.
  2576 | D:3      | 2576 ||| DROPPING potion of berserk rage.
  2586 | D:4      | Reached XP level 4. HP: 22/22 MP: 5/5
  2624 | D:4      | Noticed a scorpion
  2625 | D:4      | 2625 ||| DRINKING 2 potions of haste.
  2630 | D:4      | Killed a scorpion
  2802 | D:4      | Found a hazy altar of Hepliaklqana.
  2825 | D:4      | Reached XP level 5. HP: 26/26 MP: 6/6
  3059 | D:4      | 3059 ||| FLEEEEING.
  3060 | D:4      | 3060 ||| FLEEEEING.
  3061 | D:4      | 3061 ||| FLEEEEING.
  3062 | D:4      | 3062 ||| FLEEEEING.
  3064 | D:4      | 3064 ||| FLEEEEING.
  3096 | D:4      | 3096 ||| FLEEEEING.
  3097 | D:4      | 3097 ||| FLEEEEING.
  3098 | D:4      | 3098 ||| FLEEEEING.
  3145 | D:4      | Found the amulet of Elemental Vulnerability {rPois rF--
                  | rC-- AC+8}
  3706 | D:4      | 3706 ||| UPGRADING to amulet of Elemental Vulnerability
                  | {rPois rF-- rC-- AC+8}.
  3716 | D:4      | 3716 ||| READING scroll labelled SOAL LOUTIY.
  3810 | D:5      | Entered Level 5 of the Dungeon
  3811 | D:5      | 3811 ||| PLANNING OSSUARY
  3816 | D:5      | 3816 ||| STAIRDANCE
  3848 | D:5      | Noticed a phantom
  3849 | D:5      | 3849 ||| DRINKING 3 potions of haste.
  3861 | D:5      | Killed a phantom
  3862 | D:5      | Reached skill level 6 in Ranged Weapons
  3862 | D:5      | Reached XP level 6. HP: 30/30 MP: 7/7
  3960 | D:5      | Found a hide-covered altar of Uskayaw.
  4002 | D:5      | Reached skill level 6 in Dodging
  4069 | D:5      | Identified the +1 glaive of Departure {flame, ^Drain rF-
                  | rN+++ SInv}
  4171 | D:5      | Found a runed translucent gate.
  4172 | D:5      | Found a runed translucent gate.
  4173 | D:5      | Found a runed translucent gate.
  4173 | D:5      | Noticed qw's ghost (amateur SpHu)
  4208 | D:5      | Reached XP level 7. HP: 35/35 MP: 8/8
  4346 | D:5      | Found a sand-covered staircase.
  4357 | Ossuary  | Entered an ossuary
  4575 | Ossuary  | 4575 ||| RETREEEEATING.
  4579 | Ossuary  | 4579 ||| RETREEEEATING.
  4580 | Ossuary  | 4580 ||| RETREEEEATING.
  4581 | Ossuary  | 4581 ||| RETREEEEATING.
  4582 | Ossuary  | 4582 ||| RETREEEEATING.
  4583 | Ossuary  | 4583 ||| RETREEEEATING.
  4584 | Ossuary  | 4584 ||| RETREEEEATING.
  4588 | Ossuary  | Reached XP level 8. HP: 39/39 MP: 9/9
  4610 | Ossuary  | Reached skill level 3 in Fighting
  4628 | Ossuary  | HP: 8/40 [mummy (14)]
  4629 | Ossuary  | 4629 ||| READING 4 scrolls of teleportation.
  4894 | Ossuary  | 4894 ||| READING scroll labelled DABBEGI LOIPIS.
  4895 | Ossuary  | 4895 ||| READING scroll labelled BOCOIGO INTAL.
  4895 | Ossuary  | 4895 ||| ENCHANTING +1 shortbow.
  4896 | Ossuary  | 4896 ||| DRINKING 2 cyan potions.
  4897 | Ossuary  | 4897 ||| DRINKING 2 blue potions.
  4909 | Ossuary  | Reached skill level 9 in Ranged Weapons
  4973 | Ossuary  | 4973 ||| UPGRADING to amulet of faith.
  4983 | Ossuary  | 4983 ||| READING scroll of identify.
  4983 | Ossuary  | 4983 ||| IDENTIFYING white potion
  4984 | Ossuary  | 4984 ||| READING 2 scrolls labelled URILUTE LOILLOISK.
  4985 | Ossuary  | 4985 ||| DRINKING 3 lumpy purple potions.
  4986 | Ossuary  | 4986 ||| DRINKING 3 lumpy sapphire potions.
  4987 | Ossuary  | 4987 ||| DROPPING 2 potions of degeneration.
  4988 | Ossuary  | 4988 ||| DROPPING scroll of amnesia.
  5049 | D:5      | 5049 ||| PLANNING D:1-11
  5153 | D:5      | Reached skill level 9 in Dodging
  5413 | D:6      | 5413 ||| STAIRDANCE
  5417 | D:6      | 5417 ||| STAIRDANCE
  5427 | D:6      | 5427 ||| STAIRDANCE
  5532 | D:6      | 5532 ||| STAIRDANCE
  5555 | D:6      | 5555 ||| STAIRDANCE
  5562 | D:6      | 5562 ||| STAIRDANCE
  5572 | D:6      | 5572 ||| STAIRDANCE
  5796 | D:6      | Noticed Blork the orc
  5807 | D:6      | Killed Blork the orc
  5808 | D:6      | Reached XP level 9. HP: 38/44 MP: 10/10
  5808 | D:6      | 5808 ||| FLEEEEING.
  5814 | D:6      | 5814 ||| FLEEEEING.
  5841 | D:6      | Found an ancient bone altar of Kikubaaqudgha.
  5843 | D:6      | Found a sacrificial altar of Ru.
  6030 | D:6      | Found Oluq's Distillery.
  6035 | D:6      | 6035 ||| BUYING potion of curing (33 gold).
  6035 | D:6      | Bought a potion of curing for 33 gold pieces
  6035 | D:6      | 6035 ||| BUYING potion of enlightenment (55 gold).
  6035 | D:6      | Bought a potion of enlightenment for 55 gold pieces
  6035 | D:6      | 6035 ||| BUYING potion of heal wounds (55 gold).
  6035 | D:6      | Bought a potion of heal wounds for 55 gold pieces
  6035 | D:6      | 6035 ||| BUYING potion of mutation (88 gold).
  6035 | D:6      | Bought a potion of mutation for 88 gold pieces
  6035 | D:6      | 6035 ||| SHOPLISTING potion of mutation (88 gold, have 79).
  6134 | D:6      | 6134 ||| READING scroll of identify.
  6134 | D:6      | 6134 ||| IDENTIFYING smoky red potion
  6135 | D:6      | 6135 ||| DROPPING potion of ambrosia.
  6158 | D:7      | 6158 ||| Stepping ~*~*~tactically~*~*~ (cloud).
  6165 | D:7      | HP: 9/44 [steam dragon] (6)]
  6166 | D:7      | 6166 ||| READING 5 scrolls of teleportation.
  6166 | D:7      | HP: 4/44 [steam dragon] (6)]
  6167 | D:7      | 6167 ||| DRINKING 4 potions of heal wounds.
  6169 | D:7      | Found a glowing silver altar of Zin.
  6257 | D:7      | 6257 ||| Stepping ~*~*~tactically~*~*~ (cloud).
  6278 | D:7      | HP: 5/44 [gnoll/+0 halberd[a gnoll bouda] (12)]
  6279 | D:7      | 6279 ||| READING 4 scrolls of teleportation.
  6280 | D:7      | 6280 ||| DRINKING 3 potions of heal wounds.
  6511 | D:7      | Found a staircase to the Ecumenical Temple.
  6512 | D:7      | 6512 ||| PLANNING TEMPLE
  6520 | Temple   | Entered the Ecumenical Temple
  6521 | Temple   | 6521 ||| PLANNING OKAWARU WORSHIP
  6544 | Temple   | Became a worshipper of Warmaster Okawaru
  6545 | Temple   | 6545 ||| PLANNING D:1-11
  6671 | D:7      | 6671 ||| FLEEEEING.
  6672 | D:7      | 6672 ||| FLEEEEING.
  6673 | D:7      | 6673 ||| FLEEEEING.
  6674 | D:7      | 6674 ||| FLEEEEING.
  6675 | D:7      | 6675 ||| FLEEEEING.
  6678 | D:7      | 6678 ||| FLEEEEING.
  6683 | D:7      | 6683 ||| FLEEEEING.
  6684 | D:7      | 6684 ||| FLEEEEING.
  6685 | D:7      | 6685 ||| FLEEEEING.
  6686 | D:7      | 6686 ||| FLEEEEING.
  6687 | D:7      | 6687 ||| FLEEEEING.
  6757 | D:7      | Found a blossoming altar of Fedhas.
  7407 | D:7      | Noticed a boulder beetle
  7421 | D:7      | 7421 ||| DRINKING 5 potions of haste.
  7453 | D:7      | Slain by a boulder beetle

Levels and vault maps discovered:
D:1:      roderic_chinese_lattice_arrival, layout_basic, minmay_tromino_v4_c
D:2:      layout_loops_corners
D:3:      layout_loops_cross, mainiacjoe_overflow_alcove_2,
          nicolae_ecumenical_oubliette
D:4:      layout_layer_cave, mainiacjoe_overflow_surrounded_room,
          kennysheep_decorative_pillar
D:5:      layout_basic, old_standard_altar, biasface_ghost_orc_armoury,
          nicolae_ossuary_entry_catacombs
D:6:      layout_rooms, mainiacjoe_overflow_catwalk_spiral, serial_shops,
          nicolae_shop_peninsula, uniq_blork_the_orc
D:7:      layout_layer_cave, mainiacjoe_overflow_24_doors,
          general_overflow_altar, mainiacjoe_overflow_cross_hatched,
          minmay_temple_entry_grid, kennysheep_generic_room_6
Temple:   minmay_temple_curvy_loop

Skill      XL: |  1  2  3  4  5  6  7  8  9 |
---------------+----------------------------+-----
Dodging        | 3 4 5 6 8 9 10 | 10.7
Ranged Weapons | 5 6 7 8 10 | 10.0
Fighting       | 2 3 4 |  4.0
Stealth        | |  1.5

Action                     |  1- 3 |  4- 6 |  7- 9 || total
---------------------------+-------+-------+-------++-------
   Fire: Shortbow          |   118 |    93 |   513 ||   724
    Use: Scroll            |     8 |     1 |     8 ||    17
         Potion            |     1 |     2 |     7 ||    10
 Armour: Robe              |    10 |    10 |   104 ||   124
  Dodge: Dodged            |    20 |    49 |   366 ||   435

Table legend:
 A = Non-vault XP
 B = Vault XP
 C = Vault XP percentage of total XP
 D = Non-vault monster count
 E = Vault monster count
 F = Vault count percentage of total count
                 A         B        C        D         E       F
            +---------+---------+-------+---------+---------+-------
      Total |    2193 |    1653 |  43.0 |     104 |      45 |  30.2
            +---------+---------+-------+---------+---------+-------
        D:1 |      57 |       2 |   3.4 |      31 |       1 |   3.1
        D:2 |      30 |       0 |   0.0 |      10 |       0 |   0.0
        D:3 |       7 |       0 |   0.0 |       4 |       0 |   0.0
        D:4 |     180 |       0 |   0.0 |      14 |       0 |   0.0
        D:5 |     578 |     339 |  37.0 |      13 |       6 |  31.6
        D:6 |     603 |      91 |  13.1 |      11 |       1 |   8.3
        D:7 |     738 |      40 |   5.1 |      21 |       1 |   4.5
    Ossuary |       0 |    1181 | 100.0 |       0 |      36 | 100.0
            +---------+---------+-------+---------+---------+-------
